 Dungeon Crawl Stone Soup version 0.32-a0-814-g0968bab981 (webtiles) character file.

Game seed: 15539010645489659071

114 cforsyth the Firebug (level 4, 0/40 HPs)
             Began as a Mountain Dwarf Cinder Acolyte on Mar 22, 2024.
             Was a High Priest of Ignis.
             Slain by a kobold brigand
             ... wielding a +0 whip
              (3 damage)
             ... in a sewer.
             The game lasted 00:04:25 (2716 turns).

cforsyth the Firebug (MDCA)                         Turns: 2716, Time: 00:04:26

Health: 0/40       AC:  9    Str: 19    XL:     4   Next: 67%
Magic:  0/6        EV:  2    Int: 14    God:    Ignis [*****.]
Gold:   91         SH:  0    Dex: -1 (5) Spells: 4/6 levels left

rFire   + + .        a - -1 hand axe (flame)
rCold   + . .        (no shield)
rNeg    . . .        q - +1 chain mail
rPois   .            (no helmet)
rElec   .            k - scarf {rC+ rF+}
rCorr   .            (no gloves)
SInv    .            (no boots)
Will    +....        (no amulet) Stlth
                     (no ring)
HPRegen 0.26/turn    (no ring)
MPRegen 0.10/turn

%: no passive effects
@: lethally poisoned (0 -> -3), enlightened, flying, very slightly contaminated,
slowed, lost dexterity, very slow
A: runic magic, artefact enchanting
a: Renounce Religion, Fiery Armour, Foxfire Swarm, Rising Flame


You were in a sewer.
You worshipped Ignis.
Ignis was extremely pleased with you.
You visited 1 branch of the dungeon, and saw 3 of its levels.
You also visited: Sewer.

You collected 91 gold pieces.


Innate Abilities, Weirdness & Mutations

Your spellcasting is much less encumbered by armour.
You can use scrolls of enchantment on lesser artefacts.


   Skills:
 + Level 3.9 Fighting
 + Level 4.3 Axes
 + Level 1.9 Armour
 + Level 1.8 Spellcasting
 + Level 4.4 Fire Magic


You had 4 spell levels left.
You knew the following spells:

 Your Spells              Type           Power      Damage    Failure   Level
X - Scorch                Fire           26%        2d6       11%         2

Your spell library contained the following spells:

 Spells                   Type           Power      Damage    Failure   Level
 Shock                    Conj/Air       4%         1d3       38%         1
 Swiftness                Air            1%         N/A       77%         3
 Airstrike                Air            0%         2d(1-17)  99%         4

Inventory:

Hand Weapons
 a - a -1 hand axe of flaming (weapon)
Armour
 k - a scarf of resistance (worn)
 q - a +1 chain mail (worn)
Scrolls
 b - a scroll of fog {unknown}
 e - a scroll of revelation
 g - 4 scrolls of immolation {unknown}
 h - a scroll of amnesia {unknown}
 i - a scroll of fear {unknown}
 l - 3 scrolls of enchant armour
 m - a scroll of vulnerability {unknown}
 n - a scroll of silence {unknown}
Potions
 f - 2 potions of cancellation
 j - a potion of mutation
 p - a potion of resistance

Dungeon Overview and Level Annotations

Branches:
Dungeon (3/15)              Sewer (1/1)

Altars:

Shops:
D:3

[ ##### ##########
≈≈≈≈≈ ≈≈≈≈~~≈~≈# ~≈≈≈≈
~≈~~~.~~~# ~≈≈≈≈
~~~.~~~~~#
###############~##
≈≈≈≈≈≈≈≈≈≈≈~.'.~≈#
≈≈≈≈≈≈≈≈≈≈~~.#.K@#
≈≈≈≈≈≈≈≈≈≈≈~.#.5K#
≈≈≈≈≈≈≈≈≈~~..#.K§#
≈≈≈≈≈≈≈≈≈~~..#5~~#
≈≈≈≈~≈≈≈~~...#..≈#
#~#.~###~#.####.#▒
...).......≈≈#.))▒
..........≈≈≈≈...'.§.⚑
.)......)..≈≈#...▒....


You could see a kobold brigand (combustible), a quasit, an ufetubus and 2
kobolds.


Message History

The quasit claws you but does no damage. x2
The quasit splashes around in the water.
The quasit claws you but does no damage.
The quasit claws you.
* * * LOW HITPOINT WARNING * * *
You feel clumsy.
Unknown command.
Unknown command.
Unknown command.
Casting: Scorch (safe; 11% risk of failure)
Confirm with . or Enter, or press ? or * to list all spells.
You don't have enough magic to cast this spell.
Unknown command.
Unknown command.
Unknown command.
Unknown command.
Okay, then.
You hit the kobold brigand. You burn the kobold brigand.
The kobold brigand is heavily wounded.
You hit the quasit but do no damage.
* * * LOW HITPOINT WARNING * * *
You feel sick.
The quasit bites you but does no damage.
The quasit claws you but does no damage. x2
The quasit bites you but does no damage.
The quasit barely misses you.
The quasit claws you but does no damage.
The kobold brigand hits you with a +0 whip.
You die...
Ignis goes out, and joins you in death.

Skill      XL: |  1  2 |
---------------+-------+-----
Armour         | 1 |  1.9
Axes           | 4 |  4.3
Fire Magic     | 4 |  4.4
Fighting       | |  3.9
Spellcasting   | |  1.8

Action                     |  1- 3 |  4- 6 || total
---------------------------+-------+-------++-------
  Melee: Hand axe          |   111 |    78 ||   189
   Cast: Scorch            |    15 |    14 ||    29
    Use: Scroll            |       |     6 ||     6
         Potion            |       |     1 ||     1
 Armour: Robe              |    14 |       ||    14
         Scale mail        |    77 |    10 ||    87
         Chain mail        |       |    90 ||    90
  Dodge: Dodged            |    68 |    36 ||   104

Levels and vault maps discovered:
D:1:      dpeg_arrival_pits, layout_loops_corners
D:2:      layout_basic, basic_ecumenical_altar
D:3:      layout_loops_cross, mainiacjoe_overflow_tiny_flanked,
          mainiacjoe_overflow_alcove_4, serial_shops, shop,
          portal_sewer_entry_f, minmay_between
Sewer:    kennysheep_sewer_church

Notes
Turn   | Place    | Note
-------+----------+-------------------------------------------
     0 | D:1      | cforsyth the Mountain Dwarf Cinder Acolyte began the quest
                  | for the Orb.
     0 | D:1      | Reached XP level 1. HP: 19/19 MP: 2/2
   205 | D:1      | Reached XP level 2. HP: 20/26 MP: 3/3
   557 | D:1      | Reached skill level 1 in Armour
   981 | D:2      | Reached skill level 4 in Axes
   981 | D:2      | Reached skill level 4 in Fire Magic
   981 | D:2      | Reached XP level 3. HP: 31/31 MP: 3/5
   984 | D:2      | Learned a level 2 spell: Scorch
  1014 | D:2      | Found a faded altar of an unknown god.
  1100 | D:2      | Identified a scarf of resistance
  1623 | D:2      | Reached XP level 4. HP: 33/40 MP: 1/6
  2232 | D:3      | Identified a potion of resistance
  2237 | D:3      | Found Nataew's Antique Armour Shop.
  2290 | D:3      | Found a glowing drain.
  2371 | Sewer    | Entered a sewer
  2694 | Sewer    | Found a burning altar of Makhleb.
  2694 | Sewer    | Noticed a kobold brigand
  2713 | Sewer    | Lost dexterity.
  2715 | Sewer    | HP: 4/40 [quasit (1)]
  2716 | Sewer    | Slain by a kobold brigand

Vanquished Creatures
  4 adders
  An ufetubus (Sewer)
  2 ribbon worms (D:2)
  2 dart slugs
  2 ball pythons
  7 bats
  6 endoplasms
  3 giant cockroaches
  A hobgoblin (D:2)
  8 quokkas
  2 frilled lizards
  3 goblins (D:2)
  13 kobolds
  7 rats
61 creatures vanquished.

Vanquished Creatures (others)
  An endoplasm (Sewer)
1 creature vanquished.

Grand Total: 62 creatures vanquished

Table legend: (Time is in decaauts)
 A = Elapsed time spent in this place.
 B = Non-inter-level travel time spent in this place.
 C = Inter-level travel time spent in this place.
 D = Time resting spent in this place.
 E = Time spent auto-exploring this place.
 F = Levels seen in this place.
 G = Mean time per level.
                   A        B        C        D        E       F      G
               +--------+--------+--------+--------+--------+-----+--------+
         Total |   2743 |   2668 |     75 |     57 |   2059 |   4 |  685.8 |
       Dungeon |   2393 |   2318 |     75 |     22 |   1836 |   3 |  797.7 |
         Sewer |    350 |    350 |      0 |     35 |    223 |   1 |  350.0 |
               +--------+--------+--------+--------+--------+-----+--------+

Top non-repeatable levels by time:
     D:2: 1266 daAuts
     D:1: 976 daAuts
   Sewer: 350 daAuts
     D:3: 150 daAuts

Table legend:
 A = Non-vault XP
 B = Vault XP
 C = Vault XP percentage of total XP
 D = Non-vault monster count
 E = Vault monster count
 F = Vault count percentage of total count
                 A         B        C        D         E       F
            +---------+---------+-------+---------+---------+-------
      Total |     129 |      35 |  21.3 |      45 |      16 |  26.2
            +---------+---------+-------+---------+---------+-------
        D:1 |      31 |       0 |   0.0 |      18 |       0 |   0.0
        D:2 |      80 |       0 |   0.0 |      22 |       0 |   0.0
        D:3 |      18 |       8 |  30.8 |       5 |       4 |  44.4
      Sewer |       0 |      27 | 100.0 |       0 |      12 | 100.0
            +---------+---------+-------+---------+---------+-------
